 Dungeon Crawl Stone Soup version 0.31.0-11-ge490571c62 (webtiles) character file.

Game seed: 8353955026729310481

2113 monsoonserge the Ruffian (level 9, -27/68 HPs)
             Began as a Gnoll Shapeshifter on Feb 6, 2024.
             Was an Initiate of Wu Jian.
             Annihilated by a large abomination (36 damage)
             ... on level 1 of the Abyss.
             The game lasted 00:13:23 (6579 turns).

monsoonserge the Ruffian (Gnoll Shapeshifter)       Turns: 6579, Time: 00:13:24

Health: -27/68     AC:  4    Str: 18    XL:     9   Next: 29%
Magic:  15/15      EV: 18    Int:  9    God:    Wu Jian [......]
Gold:   379        SH:  0    Dex: 12    Spells: 16/16 levels left

rFire   . .          .
                       - Unarmed
rCold   . . .        (shield currently unavailable)
rNeg    . . .        a - melded +0 animal skin
rPois   .            N - +0 helmet
rElec   .            P - scarf {repulsion}
rCorr   .            (no gloves)
SInv    .            h - +2 pair of boots
Will    .....        (no amulet)
Stlth   +            (no ring)
HPRegen 0.31/turn    (no ring)
MPRegen 0.14/turn

%: repel missiles
@: flux-form, glowing
A: glow, contaminating, fangs 1, strong nose, distributed training
a: Begin Untransformation, Renounce Religion


You were on level 1 of the Abyss.
You worshipped Wu Jian.
Wu Jian was noncommittal.
You were something dangerously unstable.
You visited 2 branches of the dungeon, and saw 9 of its levels.
You visited the Abyss 1 time.

You collected 449 gold pieces.
You spent 70 gold pieces at shops.

Inventory:

Hand Weapons
 y - a +1 rapier of protection
 A - a +3 sling
Missiles
 n - 6 javelins (quivered)
 r - 6 atropa-tipped darts
 t - 16 poisoned darts
Armour
 a - a +0 animal skin (melded)
 g - a +0 kite shield
 h - a +2 pair of boots (worn)
 j - a +0 leather armour
 w - an orb of energy
 G - a +0 plate armour
 L - a +0 chain mail
 N - a +0 helmet (worn)
 O - a +0 ring mail
 P - a scarf of repulsion (worn)
Talismans
 c - a beast talisman
 d - a flux talisman (active)
Wands
 F - a wand of iceblast (33)
 H - a wand of polymorph (14)
 I - a wand of flame (35)
Scrolls
 f - a scroll of torment
 l - a scroll of revelation
 m - 3 scrolls of teleportation
 q - a scroll of vulnerability
 s - 4 scrolls of fear
 v - a scroll of blinking
 z - a scroll of noise {unknown}
 B - a scroll of enchant armour {unknown}
 C - a scroll of amnesia
 D - a scroll of immolation {unknown}
 E - a scroll of enchant weapon {unknown}
 K - a scroll of fog
Potions
 b - a potion of lignification
 e - 4 potions of curing
 i - 2 potions of haste {unknown}
 k - 3 potions of heal wounds {unknown}
 o - 2 potions of magic {unknown}
 p - 2 potions of might {unknown}
 u - a potion of brilliance {unknown}
 x - a potion of enlightenment {unknown}
 J - a potion of invisibility {unknown}
 M - a potion of resistance {unknown}
 Q - a potion of degeneration {unknown}


   Skills:
 + Level 5.0 Fighting
 + Level 4.2 Short Blades
 + Level 4.2 Long Blades
 + Level 4.2 Axes
 + Level 4.2 Maces & Flails
 + Level 4.2 Polearms
 + Level 4.2 Staves
 + Level 4.2 Ranged Weapons
 + Level 4.2 Throwing
 + Level 4.2 Armour
 + Level 6.3 Dodging
 + Level 4.2 Stealth
 + Level 4.2 Shields
 + Level 7.9 Unarmed Combat
 + Level 4.2 Spellcasting
 + Level 3.5 Conjurations
 + Level 3.5 Hexes
 + Level 3.5 Summonings
 + Level 3.5 Necromancy
 + Level 3.5 Translocations
 + Level 3.5 Fire Magic
 + Level 3.5 Ice Magic
 + Level 3.5 Air Magic
 + Level 3.5 Earth Magic
 + Level 3.5 Alchemy
 + Level 4.7 Invocations
 + Level 4.2 Evocations
 + Level 7.6 Shapeshifting


You had 16 spell levels left.
You didn't know any spells.
Your spell library contained the following spells:

 Spells                   Type           Power      Damage    Failure   Level
 Hailstorm                Conj/Ice       8%         3d5       19%         3
 Summon Ice Beast         Ice/Summ       8%         N/A       19%         3
 Sculpt Simulacrum        Ice/Alch       4%         N/A       100%        6


Dungeon Overview and Level Annotations

Branches:
Dungeon (8/15)             Temple (1/1) D:7
   Lair: D:8-11

Altars:
Ashenzari
Cheibriados
Dithmenos
Elyvilon
Gozag
Makhleb
Qazlal
Ru
Sif Muna
Trog
Uskayaw
Vehumet
Wu Jian
Xom
Yredelemnul
Zin
The Shining One

Shops:
D:4 **=

Annotations:
D:8 Jeremiah, Psyche


Innate Abilities, Weirdness & Mutations

You are something dangerously unstable.
You glow with magical radiation, making you easy to see and hit.
Foes you strike become dangerously contaminated with magical radiation.
You are incapable of wielding weapons or throwing items.
You have very sharp teeth.
Your uncanny sense of smell can sniff out nearby items.
Your experience applies equally to all skills.


Message History

This branch contains the abyssal rune of Zot.
Reactivating autopickup.
Found a gateway leading out of the Abyss.
You hit the bush but do no damage.
The bush begins to glow.
You bite the bush, but do no damage. You hit the bush.
The bush glows dangerously bright.
You bite the bush, but do no damage.
The bush is lightly damaged.
You hit the bush.
The bush shudders as magic cascades through it!
The bush twists and deforms.
The bush is lightly damaged.
You completely miss the bush.
The bush is lightly damaged.
You punch the bush!
The bush begins to glow.
The bush is moderately damaged.
You hit the bush.
The bush glows dangerously bright.
The bush is moderately damaged.
Unknown command.
You hit the bush.
The bush shudders as magic cascades through it!
The bush twists and deforms.
The bush is heavily damaged.
You hit the bush but do no damage.
The bush begins to glow.
The bush is heavily damaged.
You hit the bush.
The bush glows dangerously bright.
The bush is heavily damaged.
You hit the bush.
The bush shudders as magic cascades through it!!
The bush twists and deforms.
The bush is severely damaged.
You hit the bush.
The bush begins to glow.
You bite the bush, but do no damage.
The bush is severely damaged.
The large abomination hits you!!!
Ouch! That really hurt!
* * * LOW HITPOINT WARNING * * *
Unknown command.
It was a potion of curing.
You feel better. The large abomination hits you!!!
Ouch! That really hurt!
You die...

.. ......##.∩..
.................
................##
.. ..............#
. ..............#
................#.
.................
##........X.......
... ####..pPP.P...
.. #...PPPPP.P. .
##.PPP∩P ..


#..PPPP ..P.P .#.P.P. .#...... #.#..... You could see a large abomination.

Vanquished Creatures
  Grinder (D:3)
  Prince Ribbit (D:6)
  A wyvern (D:7)
  A steam dragon (D:6)
  A vampire mosquito (D:5)
  Edmund (D:6)
  A water moccasin (D:6)
  An ice beast (D:7)
  An orc warrior (D:5)
  A black bear (D:5)
  A kobold brigand (D:7)
  A bullfrog (D:7)
  A scorpion (D:7)
  A jelly (D:6)
  4 hounds
  2 orc priests (D:4)
  A sleepcap (D:7)
  Jessica (D:3)
  Natasha (D:3)
  2 iguanas
  4 orc wizards
  4 gnolls (D:3)
  6 adders
  2 ribbon worms (D:2)
  3 dart slugs
  20 orcs
  4 bats
  6 endoplasms
  2 goblins
  7 hobgoblins
  4 jackals (D:3)
  4 quokkas
  3 frilled lizards
  9 kobolds
  A rat (D:2)
104 creatures vanquished.

Notes
Turn   | Place    | Note
-------+----------+-------------------------------------------
     0 | D:1      | monsoonserge the Gnoll Shapeshifter began the quest for the
                  | Orb.
     0 | D:1      | Reached XP level 1. HP: 17/17 MP: 1/1
    82 | D:1      | Reached XP level 2. HP: 18/23 MP: 2/2
   504 | D:2      | Reached XP level 3. HP: 17/28 MP: 3/3
   533 | D:2      | Found a white marble altar of Elyvilon.
   640 | D:2      | Reached skill level 1 in Invocations
   790 | D:2      | Reached skill level 1 in Short Blades
   790 | D:2      | Reached skill level 1 in Long Blades
   790 | D:2      | Reached skill level 1 in Axes
   790 | D:2      | Reached skill level 1 in Maces & Flails
   790 | D:2      | Reached skill level 1 in Polearms
   790 | D:2      | Reached skill level 1 in Staves
   790 | D:2      | Reached skill level 1 in Ranged Weapons
   790 | D:2      | Reached skill level 1 in Throwing
   790 | D:2      | Reached skill level 1 in Armour
   790 | D:2      | Reached skill level 1 in Stealth
   790 | D:2      | Reached skill level 1 in Shields
   790 | D:2      | Reached skill level 1 in Spellcasting
   790 | D:2      | Reached skill level 1 in Evocations
   866 | D:3      | Noticed Grinder
   874 | D:3      | Killed Grinder
   875 | D:3      | Reached skill level 1 in Conjurations
   875 | D:3      | Reached skill level 1 in Hexes
   875 | D:3      | Reached skill level 1 in Summonings
   875 | D:3      | Reached skill level 1 in Necromancy
   875 | D:3      | Reached skill level 1 in Translocations
   875 | D:3      | Reached skill level 1 in Fire Magic
   875 | D:3      | Reached skill level 1 in Ice Magic
   875 | D:3      | Reached skill level 1 in Air Magic
   875 | D:3      | Reached skill level 1 in Earth Magic
   875 | D:3      | Reached skill level 1 in Alchemy
   875 | D:3      | Reached XP level 4. HP: 26/35 MP: 4/6
   875 | D:3      | Reached XP level 5. HP: 30/41 MP: 4/7
   875 | D:3      | Reached XP level 6. HP: 35/47 MP: 4/8
  1011 | D:3      | Reached skill level 5 in Dodging
  1562 | D:3      | Found a faded altar of an unknown god.
  1566 | D:3      | Found a shimmering blue altar of Sif Muna.
  1648 | D:3      | Noticed Natasha
  1657 | D:3      | Killed Natasha
  1786 | D:3      | Noticed Jessica
  1801 | D:3      | Killed Jessica
  2413 | D:4      | Reached XP level 7. HP: 45/52 MP: 10/10
  2894 | D:4      | Found Daapuj's Jewellery Boutique.
  2941 | D:4      | Found Otreas's General Store.
  3020 | D:4      | Found Jobahu's General Store.
  3230 | D:5      | Entered Level 5 of the Dungeon
  3360 | D:5      | Noticed a vampire mosquito
  3375 | D:5      | Killed a vampire mosquito
  3710 | D:4      | Bought a scroll of teleportation for 30 gold pieces
  3710 | D:4      | Bought a scroll of fog for 40 gold pieces
  4028 | D:5      | Reached XP level 8. HP: 48/60 MP: 12/12
  4152 | D:5      | Identified the +3 dire flail "Jotyhan" {venom, rN+}
  4232 | D:5      | Found a white marble altar of Elyvilon.
  4566 | D:6      | Noticed Prince Ribbit
  4575 | D:6      | Killed Prince Ribbit
  4901 | D:6      | Noticed Edmund
  4919 | D:6      | Killed Edmund
  5593 | D:7      | Reached XP level 9. HP: 64/66 MP: 14/14
  5993 | D:7      | Found a staircase to the Ecumenical Temple.
  6010 | Temple   | Entered the Ecumenical Temple
  6027 | Temple   | Became a worshipper of the Wu Jian Council
  6064 | D:7      | Reached skill level 5 in Fighting
  6535 | D:8      | Noticed Psyche
  6536 | D:8      | Noticed Jeremiah
  6564 | Abyss:1  | Cast into level 1 of the Abyss (Psyche)
  6572 | Abyss:1  | Noticed a large abomination
  6578 | Abyss:1  | HP: 3/68 [large abomination (36)]
  6579 | Abyss:1  | Annihilated by a large abomination

Illustrated notes

Levels and vault maps discovered:
D:1:      ldierk_walled_garden, layout_rooms, chequers_garden
D:2:      layout_basic, basic_altar, minmay_indecisive_spiral
D:3:      layout_basic, nicolae_overflow_ecumenical_swirl, nicolae_half_adder,
          uniq_grinder, uniq_natasha, uniq_jessica
D:4:      layout_basic, serial_shops, nicolae_lakefront_shop,
          nicolae_shop_just_a_little_nook, shop
D:5:      kennysheep_big_flooded_room, layout_basic, elyvilon_altar_3
D:6:      layout_basic, uniq_edmund, uniq_prince_ribbit1
D:7:      layout_cave_pods, minmay_temple_entry_purple_smoke
D:8:      layout_gridville, chequers_temple_overflow_minitemple,
          amcnicky_altar_gilded, erik_lair_orcish_takeover, uniq_psyche,
          uniq_jeremiah
Temple:   nicolae_temple_bog_church
Abyss:1:  base: D:8, evilmike_abyss_exit_plants

Skill      XL: |  1  2  3  4  5  6  7  8  9 |
---------------+----------------------------+-----
Invocations    | 2 3 4 |  4.7
Short Blades   | 1 2 3 4 |  4.2
Long Blades    | 1 2 3 4 |  4.2
Axes           | 1 2 3 4 |  4.2
Maces & Flails | 1 2 3 4 |  4.2
Polearms       | 1 2 3 4 |  4.2
Staves         | 1 2 3 4 |  4.2
Ranged Weapons | 1 2 3 4 |  4.2
Throwing       | 1 2 3 4 |  4.2
Armour         | 1 2 3 4 |  4.2
Stealth        | 1 2 3 4 |  4.2
Shields        | 1 2 3 4 |  4.2
Spellcasting   | 1 2 3 4 |  4.2
Evocations     | 1 2 3 4 |  4.2
Fighting       | 3 4 5 |  5.0
Conjurations   | 1 2 3 |  3.5
Hexes          | 1 2 3 |  3.5
Summonings     | 1 2 3 |  3.5
Necromancy     | 1 2 3 |  3.5
Translocations | 1 2 3 |  3.5
Fire Magic     | 1 2 3 |  3.5
Ice Magic      | 1 2 3 |  3.5
Air Magic      | 1 2 3 |  3.5
Earth Magic    | 1 2 3 |  3.5
Alchemy        | 1 2 3 |  3.5
Dodging        | 5 6 |  6.3
Unarmed Combat | 7 |  7.9
Shapeshifting  | 7 |  7.6

Action                     |  1- 3 |  4- 6 |  7- 9 || total
---------------------------+-------+-------+-------++-------
  Melee: Unarmed           |    87 |   112 |   199 ||   398
         Bite              |     8 |    12 |    31 ||    51
         Punch             |     1 |       |       ||     1
Ability: Lunge             |       |       |     1 ||     1
    Use: Scroll            |       |       |     6 ||     6
         Potion            |       |       |     1 ||     1
   Stab: Sleeping          |     1 |       |       ||     1
 Armour: Animal skin       |     3 |       |       ||     3
         Skin              |    23 |    38 |    81 ||   142
  Dodge: Dodged            |    54 |    69 |   119 ||   242
   Form: Flux              |     1 |       |       ||     1
